 Dungeon Crawl Stone Soup version 0.26-a0-712-ga5a9c9c9d0 (webtiles) character file.

Game seed: 958384279389332843

223 dmks the Insei (level 6, -1/39 HPs)
             Began as an Octopode Transmuter on Nov 10, 2020.
             Slain by an ogre
             ... wielding a +0 giant club
              (20 damage)
             ... on level 4 of the Dungeon.
             The game lasted 00:04:55 (4336 turns).

dmks the Insei (Octopode Transmuter)                Turns: 4336, Time: 00:04:55

Health: -1/39      AC:  2    Str:  9    XL:     6   Next: 0%
Magic:  8/10       EV: 21    Int: 15    God:
Gold:   275        SH:  0    Dex: 20    Spells: 6/10 levels left

rFire    + . .     SeeInvis .     - Unarmed
rCold    x . .     Faith    .   (shield currently unavailable)
rNeg     . . .     Spirit   .   (helmet currently unavailable)
rPois    x         Reflect  .   (no amulet)
rElec    .         Harm     .   f - ring of fire
rCorr    +         Rampage  .   j - ring of resist corrosion
MR       .....                  (no ring)
Stlth    +++.......             (no ring)
HPRegen  0.13/turn              (no ring)
MPRegen  0.12/turn              (no ring)
                                (no ring)
                                (no ring)

@: spider-form (expiring)
A: tiny, almost no armour, stealthy swim, (amphibious), 8 rings, (constrict 8)
a: End Transformation


You were on level 4 of the Dungeon.
You were a venomous arachnid creature.
You visited 1 branch of the dungeon, and saw 4 of its levels.

You collected 275 gold pieces.

Inventory:

Jewellery
 f - a ring of fire (left front leg)
   (You found it on level 1 of the Dungeon)
 j - a ring of resist corrosion (right front leg)
   (You found it on level 2 of the Dungeon)
 k - an uncursed amulet of regeneration {unknown}
   (You found it on level 2 of the Dungeon)
Scrolls
 b - a scroll of blinking {unknown}
 c - a scroll of fog {unknown}
 e - 3 scrolls of identify {unknown}
 g - a scroll of noise {unknown}
 m - a scroll of amnesia {unknown}
 o - a scroll of random uselessness {unknown}
Potions
 a - 3 potions of heal wounds {unknown}
 d - a potion of ambrosia {unknown}
 h - a potion of lignification {unknown}
 i - 2 potions of cancellation {unknown}
 l - a potion of brilliance {unknown}
 n - 2 potions of stabbing {unknown}


   Skills:
 + Level 2.1 Fighting
 + Level 2.8 Dodging
 + Level 2.7 Stealth
 * Level 4.2 Unarmed Combat
 + Level 2.8 Spellcasting
 + Level 2.8 Transmutations


You had 6 spell levels left.
You knew the following spells:

 Your Spells              Type           Power        Failure   Level
a - Beastly Appendage     Tmut           ##....       17%         1
x - Spider Form           Tmut/Pois      #.........   56%         3

Your spell library contained the following spells:

 Spells                   Type           Power        Failure   Level
 Wereblood                Tmut           ##......     24%         2
 Ice Form                 Ice/Tmut       #.......     89%         4
 Blade Hands              Tmut           ##........   96%         5


Dungeon Overview and Level Annotations

Branches:
Dungeon (4/15)
 Temple: D:4-7

Altars:
Cheibriados
Trog


Innate Abilities, Weirdness & Mutations

You cannot wear most types of armour.
You are very stealthy in the water. (Stealth+)
((You are amphibious.))
You can wear up to eight rings at the same time.
((You can use your tentacles to constrict eight enemies at once.))
((Your skin changes colour to match your surroundings (Stealth+).))
((Your rubbery body absorbs attacks. (AC +1, EV +1)))


Message History

An ogre comes into view. It is wielding a +0 giant club.
Found a scroll labeled VASYLEI OKAL.
An ogre is nearby!
You see here an adder corpse.
You can't go up here!
This spell is quite dangerous to cast!
Memorise Spider Form, consuming 3 spell levels and leaving 6?
You start memorising the spell.
You continue memorising. x3
You finish memorising.
Spell assigned to 'x'.
The spell is quite dangerous to cast (34% risk of failure)!
Continue anyway? [Y]es or [N]o only, please.
The spell is quite dangerous to cast (34% risk of failure)!
Continue anyway?
You miscast Spider Form.
You are very lightly contaminated with residual magic.
Nothing appears to happen.
You see here 7 poisoned darts.
You start resting.
Your magical contamination has completely faded away.
You start waiting.
Done waiting.
The spell is quite dangerous to cast (34% risk of failure)!
Continue anyway? [Y]es or [N]o only, please.
The spell is quite dangerous to cast (34% risk of failure)!
Continue anyway?
You miscast Spider Form.
You are very lightly contaminated with residual magic.
You feel rather nauseous for a moment!
You are poisoned.
You feel sick.
You start resting.
You feel sick. x3
Your magical contamination has completely faded away.
You feel sick.
You are no longer poisoned.
You start resting.
You start resting.
The spell is quite dangerous to cast (34% risk of failure)!
Continue anyway? [Y]es or [N]o only, please.
The spell is quite dangerous to cast (34% risk of failure)!
Continue anyway?
You turn into a venomous arachnid creature.
You see here an adder skeleton.
Your transformation is almost over.
The ogre shouts!
The ogre hits you with a +0 giant club!!
Ouch! That really hurt!
* * * LOW HITPOINT WARNING * * *
You hit the ogre.
The ogre is poisoned.
You hit the ogre but do no damage.
The ogre looks as sick as possible!
The ogre hits you with a +0 giant club!!
Ouch! That really hurt!
You die...

.........#
.###.....# ###.# .#
##...## #?..# .#
##.## #.#.# .# #.#
#.#.# .# #.######
#.#.# .# #......#
#.#.# .# ######.#
#O#.# .#
##.####s#(###### .#
###..........รท.(.#
.#
#....###########.#
## #.#.## #.#
#.#.####### #.#
#.#.......# #.#
#.#######.# #.# #.#
#.# #.# ###### #.#
#.# #.#


You could see an ogre (extremely poisoned).

Vanquished Creatures
  An orc wizard (D:3)
  Terence (D:2)
  4 gnolls (D:4)
  4 adders
  5 worms
  2 dart slugs
  9 orcs
  2 ball pythons
  2 giant cockroaches (D:2)
  9 goblins
  5 hobgoblins
  3 jackals
  A quokka (D:3)
  7 bats
  3 frilled lizards
  A jackal zombie (D:2)
  3 kobolds
  8 rats
70 creatures vanquished.

Notes
Turn   | Place    | Note
-------+----------+-------------------------------------------
     0 | D:1      | dmks the Octopode Transmuter began the quest for the Orb.
     0 | D:1      | Reached XP level 1. HP: 13/13 MP: 3/3
   326 | D:1      | Reached XP level 2. HP: 18/18 MP: 5/5
  1252 | D:2      | Reached skill level 1 in Stealth
  1258 | D:2      | Reached XP level 3. HP: 23/23 MP: 6/6
  1282 | D:2      | Found a snail-covered altar of Cheibriados.
  1394 | D:2      | Noticed Terence
  2029 | D:2      | Killed Terence
  2029 | D:2      | Reached XP level 4. HP: 28/28 MP: 5/7
  2897 | D:3      | Reached skill level 4 in Unarmed Combat
  2897 | D:3      | Reached XP level 5. HP: 21/34 MP: 8/8
  3758 | D:3      | Found a bloodstained altar of Trog.
  4029 | D:4      | Reached XP level 6. HP: 32/39 MP: 10/10
  4116 | D:4      | Learned a level 3 spell: Spider Form
  4336 | D:4      | Slain by an ogre

Illustrated notes

Levels and vault maps discovered:
D:1:      dpeg_arrival_renting, layout_loops_ring
D:2:      layout_basic, cheibriados_altar_1, uniq_terence
D:3:      layout_loops_ring, lightli_temple_of_fire
D:4:      layout_loops_ring, serial_shops, shop, nicolae_shop_crystal,
          lemuel_flame_loot_1

Skill      XL: |  1  2  3  4  5 |
---------------+----------------+-----
Stealth        | 1 2 |  2.7
Unarmed Combat | 4 |  4.2
Fighting       | 2 |  2.1
Dodging        | |  2.8
Spellcasting   | |  2.8
Transmutations | |  2.8

Action                   |  1- 3 |  4- 6 || total
-------------------------+-------+-------++-------
Melee: Unarmed           |    80 |   103 ||   183
       Constrict         |    25 |    27 ||    52
       Kick              |     7 |     7 ||    14
       Tentacles         |     9 |    17 ||    26
       Punch             |     1 |     4 ||     5
 Cast: Beastly Appendage |     4 |     3 ||     7
       Spider Form       |       |     1 ||     1
 Stab: Sleeping          |     8 |     8 ||    16
       Distracted        |       |     1 ||     1
Armor: Skin              |    11 |     1 ||    12
Dodge: Dodged            |    54 |    46 ||   100

Table legend: (Time is in decaauts)
 A = Elapsed time spent in this place.
 B = Non-inter-level travel time spent in this place.
 C = Inter-level travel time spent in this place.
 D = Time resting spent in this place.
 E = Time spent auto-exploring this place.
 F = Levels seen in this place.
 G = Mean time per level.
                   A        B        C        D        E       F      G
               +--------+--------+--------+--------+--------+-----+--------+
         Total |   4322 |   4269 |     53 |    947 |   2784 |   4 | 1080.5 |
       Dungeon |   4322 |   4269 |     53 |    947 |   2784 |   4 | 1080.5 |
               +--------+--------+--------+--------+--------+-----+--------+

Top non-repeatable levels by time:
     D:1: 1559 daAuts
     D:2: 1242 daAuts
     D:3: 1009 daAuts
     D:4: 511 daAuts
